[Event "*** Titled Tuesday Blitz"]
[Site "Chess.com"]
[Date "2020.05.05"]
[Round "6"]
[White "picturesquecheck"]
[Black "Angel_Hranitel_37"]
[Result "0-1"]
[WhiteElo "2084"]
[BlackElo "2379"]
[TimeControl "180+1"]
[EndTime "11:11:17 PDT"]
[Termination "Angel_Hranitel_37 won by resignation"]

1. e4 c5 2. Nf3 e6 3. d4 cxd4 4. Nxd4 Nf6 5. Nc3 Nc6 6. Ndb5 Bc5 7. Bf4 O-O 8. Bc7 Qe7 9. Bd6 Bxd6 10. Qxd6 Qd8 11. O-O-O a6 12. Nd4 Ne7 13. Bd3 b5 14. f3 Bb7 15. g4 Ne8 16. Qg3 b4 17.
Nce2 Qa5 18. Kb1 d6 19. Nb3 Qb6 20. g5 a5 21. Qg1 Qc7 22. h4 a4 23. Nbd4 b3 24.
cxb3 axb3 25. a3 Qa5 26. Qe1 Qe5 27. f4 Qc5 28. Nxb3 Qe3 29. Qd2 Qb6 30. Qb4 Qxb4 31. axb4 e5 32. Na5 Rb8 33. f5 Nc6 34. Nxb7 Rxb7 35.
b5 Na7 36. Nc3 Nc7 37. Kc2 Ncxb5 38. Bxb5 Nxb5 39. Nxb5 Rxb5 40. Rxd6 Rc8+ 41. Kb1 Rcb8 42. Rd2 Rb4 43. Re1 h6 44. g6 fxg6 45. fxg6 Kf8 46. Rf1+ Ke8 47. Rf7 Rxe4 48. Rxg7 Re1+ 49. Kc2 Rc8+ 50.
Kb3 Rb8+ 51. Kc4 Rc1+ 52. Kd3 Rd8+ 53. Ke2 Rxd2+ 54. Kxd2 Rh1 55. Rb7 Rxh4 56. g7 Rg4 57. Ke3 h5 58. Kf3 e4+ 59. Ke3 h4 60. Rb8+ Kf7 61. Rb7+ Kg8 62. Rb5 Kxg7 63. Rh5 Kg6 64. Rh8 Kg7 65. Rh5 Rg3+ 66. Kxe4 h3 67. Kf4 Rb3 68.
Kg4 Rxb2 69. Rxh3 Kg6 70. Kg3 Rb4 71. Rh4 Rb3+ 72. Kg2 Kg5 73. Rh3 Rb2+ 74. Kf1 Kg4 75. Rc3 Kf4 76. Ke1 Ra2 77. Kd1 Ke4 78. Kc1 Rh2 79.
Rg3 Rf2 80. Ra3 Kd4 81. Kb1 Kc4 82. Rh3 Rg2 83. Rh4+ Kd3 84. Rh3+ Kd2 85. Rh4 Rg6 86. Rd4+ Kc3 87. Rh4 Rg1+ 88. Ka2 Rg2+ 89. Ka3 Rg8 90. Rh3+ Kd4 91. Rh4+ Ke3 92. Rh5 Kf2 93. Kb4 Rg4+ 94. Kb5 Rf4 95. Rc5 Rf3 96. Rc4 Ke3 97. Rb4 Kd2 98.
Rb2+ Kc3 99. Ra2 Rf5+ 100. Kc6 Kb3 101. Re2 Kc4 102. Kd7 Rd5+ 103. Ke6 Rh5 104. Re4+ Kc5 105. Re1 Rh8 106. Kf7 Ra8 107. Kg7 Kd5 108. Kg6 Ra2 109. Kg7 Kd6 110. Kf7 Kd7 111. Rd1+ Kc7 112. Ke6 Re2+ 113. Kf7 Kb7 114. Kf8 Kc7 115. Kf7 Kb7 116. Kf8 Rd2 117. Kf7 Rxd1 0-1

[Event "*** Titled Tuesday Blitz"]
[Site "Chess.com"]
[Date "2020.05.05"]
[Round "7"]
[White "Bacyanide"]
[Black "barbara25"]
[Result "1-0"]
[WhiteElo "2421"]
[BlackElo "2220"]
[TimeControl "180+1"]
[EndTime "11:12:48 PDT"]
[Termination "Bacyanide won by checkmate"]

1. d4 Nf6 2. Nf3 e6 3. Bf4 d5 4. e3 Bd6 5. Bg3 O-O 6. Nbd2 b6 7. c3 c5 8. Bd3 Ba6 9. Bxa6 Nxa6 10. Qe2 Nc7 11.
Rd1 Qe7 12. dxc5 bxc5 13. e4 Bxg3 14. hxg3 dxe4 15. Nxe4 Nxe4 16. Qxe4 Rad8 17. Qxh7# 1-0

[Event "*** Titled Tuesday Blitz"]
[Site "Chess.com"]
[Date "2020.05.05"]
[Round "7"]
[White "top_bu_tz"]
[Black "dopolian"]
[Result "0-1"]
[WhiteElo "2211"]
[BlackElo "2393"]
[TimeControl "180+1"]
[EndTime "11:13:12 PDT"]
[Termination "dopolian won by resignation"]

1. e4 e5 2. Nf3 Nc6 3. Bb5 a6 4. Ba4 Nf6 5. O-O Nxe4 6. d4 b5 7. Bb3 d5 8. dxe5 Be6 9. c3 Bc5 10. a4 Rb8 11. axb5 axb5 12. Qc2 O-O 13. Rd1 Nxf2 14.
Rd4 Ne4 0-1

[Event "*** Titled Tuesday Blitz"]
[Site "Chess.com"]
[Date "2020.05.05"]
[Round "7"]
[White "GiorgianBarbosa"]
[Black "vangulio"]
[Result "0-1"]
[WhiteElo "2363"]
[BlackElo "2537"]
[TimeControl "180+1"]
[EndTime "11:13:42 PDT"]
[Termination "vangulio won by resignation"]

1. c4 Nf6 2. g3 g6 3. Bg2 Bg7 4. Nc3 O-O 5. e4 c5 6. Nge2 Nc6 7. O-O a6 8. d3 b5 9. cxb5 axb5 10. Nxb5 Ba6 11. Nbc3 Nb4 12. e5 Ng4 13. Bxa8 Qxa8 14. Nf4 Nxe5 15. Ne4 Nbxd3 16. Nxd3 Bxd3 17. f4 Bxf1 0-1

[Event "*** Titled Tuesday Blitz"]
[Site "Chess.com"]
[Date "2020.05.05"]
[Round "7"]
[White "Echecmat"]
[Black "WastefulJustice"]
[Result "0-1"]
[WhiteElo "2194"]
[BlackElo "2363"]
[TimeControl "180+1"]
[EndTime "11:13:51 PDT"]
[Termination "WastefulJustice won by resignation"]

1. d4 Nf6 2. c4 c5 3. d5 e6 4. Nc3 exd5 5. cxd5 d6 6. e4 g6 7. Bd3 Bg7 8. f4 O-O 9. Nf3 a6 10. a4 Re8 11. O-O Bg4 12. h3 Bxf3 13. Qxf3 Nbd7 14.
a5 Rc8 15. Bc4 Qe7 16. Re1 Nh5 17. Bd2 Bd4+ 18. Kh2 Qh4 19. g3 Qf6 20. Re2 Ne5 0-1

[Event "*** Titled Tuesday Blitz"]
[Site "Chess.com"]
[Date "2020.05.05"]
[Round "7"]
[White "VladimirBugayev"]
[Black "asimali1977"]
[Result "1-0"]
[WhiteElo "2245"]
[BlackElo "1941"]
[TimeControl "180+1"]
[EndTime "11:13:58 PDT"]
[Termination "VladimirBugayev won by resignation"]

1. e4 d6 2. d4 c6 3. a4 Nd7 4. Nc3 e5 5. Nf3 Be7 6. Bc4 Ngf6 7. O-O O-O 8. Qe2 b6 9. Ba2 a6 10. Rd1 Qc7 11. Nh4 g6 12. Bh6 Re8 13. Qc4 d5 14.
exd5 b5 15. Qxc6 Qxc6 16. dxc6 1-0

[Event "*** Titled Tuesday Blitz"]
[Site "Chess.com"]
[Date "2020.05.05"]
[Round "7"]
[White "mrkvoz"]
[Black "Fighter008"]
[Result "1-0"]
[WhiteElo "2828"]
[BlackElo "2565"]
[TimeControl "180+1"]
[EndTime "11:14:01 PDT"]
[Termination "mrkvoz won by resignation"]

1. e4 c5 2. Nf3 d6 3. Nc3 a6 4. g3 b5 5. d4 cxd4 6. Nxd4 Bb7 7. Bg2 e6 8. O-O Nf6 9. Re1 Nbd7 10. e5 Bxg2 11.
exf6 Bb7 12. Nxe6 fxe6 13. Rxe6+ Kf7 14. fxg7 Bxg7 15. Rxd6 Ne5 16. Qh5+ Ng6 17. Qf5+ Bf6 18. Rxd8 Rhxd8 19. Bg5 1-0

[Event "*** Titled Tuesday Blitz"]
[Site "Chess.com"]
[Date "2020.05.05"]
[Round "7"]
[White "Gennady_Kozlov"]
[Black "Khamrakulov_Djurabek"]
[Result "0-1"]
[WhiteElo "2584"]
[BlackElo "2812"]
[TimeControl "180+1"]
[EndTime "11:14:12 PDT"]
[Termination "Khamrakulov_Djurabek won by resignation"]

1. b3 e5 2. Bb2 Nc6 3. e3 Nf6 4. f4 exf4 5. exf4 d5 6. Nf3 Bg4 7. Bb5 Qd6 8. O-O Qc5+ 9. Bd4 Qxb5 10. Nc3 Qb4 11. Re1+ Be7 12. Bxf6 gxf6 13. h3 Bxf3 14. Qxf3 O-O-O 15. Re2 0-1

[Event "*** Titled Tuesday Blitz"]
[Site "Chess.com"]
[Date "2020.05.05"]
[Round "7"]
[White "Nastya_Rakhmangulova"]
[Black "CHENNAIBOND"]
[Result "1-0"]
[WhiteElo "2290"]
[BlackElo "1258"]
[TimeControl "180+1"]
[EndTime "11:14:16 PDT"]
[Termination "Nastya_Rakhmangulova won by resignation"]

1. e4 c5 2. Nf3 Nc6 3. d4 cxd4 4. Nxd4 Nf6 5. Nc3 e5 6. Ndb5 d6 7. Bg5 a6 8. Bxf6 gxf6 9. Na3 b5 10. Nd5 f5 11. Bxb5 axb5 12. Nxb5 Ra5 13. Nbc7+ Kd7 14. Qh5 Rxd5 15. Nxd5 1-0

[Event "*** Titled Tuesday Blitz"]
[Site "Chess.com"]
[Date "2020.05.05"]
[Round "7"]
[White "chenxiaoyuer"]
[Black "Nellichka"]
[Result "1-0"]
[WhiteElo "2215"]
[BlackElo "2079"]
[TimeControl "180+1"]
[EndTime "11:14:22 PDT"]
[Termination "chenxiaoyuer won by resignation"]

1. e4 e6 2. d4 d5 3. Nd2 h6 4. Ngf3 Nf6 5. e5 Nfd7 6. Bd3 c5 7. c3 Nc6 8. O-O Qb6 9. Re1 cxd4 10. cxd4 Nxd4 11. Nxd4 Qxd4 12. Nf3 Qb6 13. Qc2 Qc6 14. Qe2 a6 15. Be3 Nc5 16. Rac1 Qb6 17. Qc2 1-0

[Event "*** Titled Tuesday Blitz"]
[Site "Chess.com"]
[Date "2020.05.05"]
[Round "7"]
[White "starplatinum2030"]
[Black "joksijoksi"]
[Result "1/2-1/2"]
[WhiteElo "2139"]
[BlackElo "2322"]
[TimeControl "180+1"]
[EndTime "11:14:33 PDT"]
[Termination "Game drawn by repetition"]

1. e4 c5 2. Nf3 a6 3. d4 cxd4 4.
Nxd4 Nf6 5. Nc3 e5 6. Nb3 Bb4 7.
Bd3 d5 8. exd5 Nxd5 9. Bd2 Nxc3 10. Bxc3 Bxc3+ 11. bxc3 O-O 12. O-O Nc6 13. Rb1 Be6 14. Nc5 b5 15. Nxe6 fxe6 16. Qh5 g6 17. Bxg6 hxg6 18. Qxg6+ Kh8 19. Qh6+ Kg8 20. Qg6+ Kh8 21. Qh6+ Kg8 22. Qg6+ 1/2-1/2

[Event "*** Titled Tuesday Blitz"]
[Site "Chess.com"]
[Date "2020.05.05"]
[Round "7"]
[White "Belka1989"]
[Black "Klavdia_Nik"]
[Result "1-0"]
[WhiteElo "2113"]
[BlackElo "1944"]
[TimeControl "180+1"]
[EndTime "11:14:36 PDT"]
[Termination "Belka1989 won by resignation"]

1. e4 e6 2. d4 d5 3. Nc3 dxe4 4. Nxe4 Bd7 5. Nf3 Bc6 6. Bd3 Nd7 7. O-O Ngf6 8.
Nxf6+ Nxf6 9. Be3 Bxf3 10. Qxf3 c6 11. Rfe1 Qc7 12. Bf4 Bd6 13. Bg5 Be7 14. Bf4 Bd6 15. Bg5 Be7 16. Bf4 Qa5 17. c3 O-O 18. Be5 Nd7 19. Qh5 g6 20. Qh6 Nxe5 21. Rxe5 Qc7 22. Rh5 1-0

[Event "*** Titled Tuesday Blitz"]
[Site "Chess.com"]
[Date "2020.05.05"]
[Round "7"]
[White "Gmedmundo"]
[Black "starworld123"]
[Result "1-0"]
[WhiteElo "2505"]
[BlackElo "2618"]
[TimeControl "180+1"]
[EndTime "11:14:44 PDT"]
[Termination "Gmedmundo won by resignation"]

1. e4 c5 2. Nf3 d6 3. d4 cxd4 4. Nxd4 Nf6 5. Nc3 a6 6. Be3 e5 7. Nb3 Be6 8. f3 Nbd7 9. Qd2 Be7 10. g4 b5 11. O-O-O b4 12. Nd5 Bxd5 13. exd5 Nb6 14.
Qxb4 Nfxd5 15. Bxb6 Nxb6 16. Kb1 O-O 17. h4 Qc7 18. g5 d5 19. Qg4 d4 20. Bd3 Nd5 21. Qe4 1-0

[Event "*** Titled Tuesday Blitz"]
[Site "Chess.com"]
[Date "2020.05.05"]
[Round "7"]
[White "Mili_Brizzi"]
[Black "talaicito"]
[Result "1-0"]
[WhiteElo "2452"]
[BlackElo "2211"]
[TimeControl "180+1"]
[EndTime "11:14:52 PDT"]
[Termination "Mili_Brizzi won by checkmate"]

1. d4 e6 2. c4 f5 3. g3 Nf6 4. Bg2 Be7 5. Nf3 O-O 6. O-O d6 7. Nc3 Ne4 8. Qc2 Nxc3 9. Qxc3 a5 10. b3 Nc6 11. Bb2 Bf6 12. Rad1 Qe8 13. Qd2 e5 14. dxe5 dxe5 15. Ng5 h6 16. Bd5+ Kh8 17. Nf3 e4 18. Bxf6 exf3 19. Qxh6# 1-0

[Event "*** Titled Tuesday Blitz"]
[Site "Chess.com"]
[Date "2020.05.05"]
[Round "7"]
[White "vanea_03"]
[Black "okriak"]
[Result "1/2-1/2"]
[WhiteElo "2650"]
[BlackElo "2812"]
[TimeControl "180+1"]
[EndTime "11:14:56 PDT"]
[Termination "Game drawn by repetition"]

1. d4 d5 2. c4 e6 3. Nc3 c6 4.
e4 dxe4 5. Nxe4 Bb4+ 6. Nc3 c5 7.
Nf3 Nf6 8. Be3 Nc6 9. a3 Ba5 10. Be2 cxd4 11. Nxd4 Bxc3+ 12. bxc3 Bd7 13. Nb5 O-O 14.
O-O a6 15. Nd6 Qc7 16. Rb1 Bc8 17. Bb6 Qe7 18. Re1 Nd7 19. Be3 Rd8 20. Nxc8 Raxc8 21. Rxb7 Na5 22. Ra7 Nc6 23. Rb7 Na5 24. Ra7 Nc6 25.
Rb7 1/2-1/2

[Event "*** Titled Tuesday Blitz"]
[Site "Chess.com"]
[Date "2020.05.05"]
[Round "7"]
[White "Opening_Prep"]
[Black "praveenb2002"]
[Result "0-1"]
[WhiteElo "2359"]
[BlackElo "2731"]
[TimeControl "180+1"]
[EndTime "11:15:02 PDT"]
[Termination "praveenb2002 won by checkmate"]

1. d4 d5 2. Nc3 Nf6 3. Bf4 e6 4.
e3 c5 5. Nb5 Na6 6. c3 Be7 7.
h3 O-O 8. Nf3 Bd7 9. a4 Bxb5 10.
axb5 Nc7 11. dxc5 Bxc5 12. Be2 Bd6 13. Qd4 Ne4 14. Rxa7 Rxa7 15. Qxa7 Bxf4 16. exf4 Qa8 17. Qd4 Qa1+ 18. Qd1 Qxb2 19. Bd3 Qxf2# 0-1

[Event "*** Titled Tuesday Blitz"]
[Site "Chess.com"]
[Date "2020.05.05"]
[Round "7"]
[White "InitiatingASC"]
[Black "silverback96"]
[Result "0-1"]
[WhiteElo "2308"]
[BlackElo "2137"]
[TimeControl "180+1"]
[EndTime "11:15:05 PDT"]
[Termination "silverback96 won by resignation"]

1. Nf3 c5 2. b3 d6 3. Bb2 e5 4. e3 Nc6 5. Be2 g6 6. O-O Bg7 7. c4 Nge7 8. d3 O-O 9. Nbd2 h6 10. a3 Be6 11. Re1 d5 12. cxd5 Qxd5 13. Rc1 b6 14. Qc2 Rfd8 15. Qb1 Rac8 16. Qa1 Na5 17. Bf1 Nxb3 18.
Nxb3 Qxb3 19. Bxe5 Bxe5 20. Nxe5 Nc6 21. Nxc6 Rxc6 22. Qf6 Rdc8 23. Rc3 Qd5 24. Qf4 Qd8 25. Qxh6 Qf6 26. Qf4 Qxc3 0-1

[Event "*** Titled Tuesday Blitz"]
[Site "Chess.com"]
[Date "2020.05.05"]
[Round "7"]
[White "DinaBelenkaya"]
[Black "czasnaszachy"]
[Result "1-0"]
[WhiteElo "2130"]
[BlackElo "2264"]
[TimeControl "180+1"]
[EndTime "11:15:09 PDT"]
[Termination "DinaBelenkaya won by resignation"]

1. e4 c5 2. Nf3 d6 3. Bb5+ Bd7 4. Bxd7+ Qxd7 5. c4 Nc6 6. Nc3 g6 7. d4 cxd4 8. Nxd4 Bg7 9. Be3 Nf6 10. f3 O-O 11. O-O Rac8 12. b3 Rfd8 13. Rc1 Ne8 14. Nd5 Nc7 15.
Nb5 Ne6 16. Nxa7 Nxa7 17. Bxa7 Qc6 18. Nxe7+ 1-0

[Event "*** Titled Tuesday Blitz"]
[Site "Chess.com"]
[Date "2020.05.05"]
[Round "7"]
[White "Rytenko_V"]
[Black "shav3184"]
[Result "1-0"]
[WhiteElo "2484"]
[BlackElo "2338"]
[TimeControl "180+1"]
[EndTime "11:15:11 PDT"]
[Termination "Rytenko_V won by resignation"]

1. e4 e5 2. Nc3 Nf6 3. Bc4 Bc5 4.
d3 c6 5. Bg5 h6 6. Bh4 d6 7.
Nf3 Nbd7 8. Qd2 Nf8 9. O-O-O Ng6 10.
Bg3 b5 11. Bb3 a5 12. a4 Bb4 13. Rhe1 Rb8 14. d4 Qc7 15. dxe5 dxe5 16. Nxe5 Nxe5 17.
Bxe5 Qe7 18. Bxb8 O-O 19. Bd6 Qb7 20. Bxf8 Kxf8 21. Qd8+ 1-0

[Event "*** Titled Tuesday Blitz"]
[Site "Chess.com"]
[Date "2020.05.05"]
[Round "7"]
[White "tsvet2005"]
[Black "Piotrek1979"]
[Result "0-1"]
[WhiteElo "2488"]
[BlackElo "2291"]
[TimeControl "180+1"]
[EndTime "11:15:30 PDT"]
[Termination "Piotrek1979 won by resignation"]

1. d4 Nf6 2. c4 d6 3. Nf3 Nbd7 4. Nc3 e5 5. e4 g6 6. Be2 Bg7 7.
Be3 O-O 8. d5 Ng4 9. Bg5 f6 10.
Bh4 Nh6 11. Nd2 a5 12. f3 Nf7 13. a3 Bh6 14. Bf2 f5 15. O-O Nf6 16. Qc2 Nh5 17.
Rfe1 Qg5 18. Nf1 Nf4 19. Ng3 Nxe2+ 20. Ngxe2 f4 21. b4 Bh3 22. g3 Qh5 23. g4 Bxg4 24.
fxg4 Qxg4+ 25. Kh1 Qf3+ 26. Kg1 Ng5 27. Kf1 Qh3+ 0-1

[Event "*** Titled Tuesday Blitz"]
[Site "Chess.com"]
[Date "2020.05.05"]
[Round "7"]
[White "Nara_Kh"]
[Black "Aikiigm"]
[Result "0-1"]
[WhiteElo "2415"]
[BlackElo "2621"]
[TimeControl "180+1"]
[EndTime "11:15:34 PDT"]
[Termination "Aikiigm won by resignation"]

1. e4 Nf6 2. d3 d5 3. Nd2 e5 4. Ngf3 Nc6 5. g3 Bg4 6. Bg2 Qd7 7. h3 Bh5 8. O-O dxe4 9. dxe4 O-O-O 10. c3 Bc5 11. Qe2 Rhe8 12. b4 Bf8 13. Bb2 Qd3 14.
Qxd3 Rxd3 15. g4 Bg6 16. Rfe1 a6 17. Bf1 Rd7 18. g5 Nh5 19. Nc4 Nf4 20. Rad1 Rxd1 21. Rxd1 Bxe4 22. Nfd2 Bf5 23. h4 h6 24. Re1 hxg5 25.
hxg5 f6 26. gxf6 gxf6 27. Ne3 Be6 28. c4 Bxb4 0-1

[Event "*** Titled Tuesday Blitz"]
[Site "Chess.com"]
[Date "2020.05.05"]
[Round "7"]
[White "stoleriu"]
[Black "VALPARAISO37"]
[Result "1-0"]
[WhiteElo "2559"]
[BlackElo "2390"]
[TimeControl "180+1"]
[EndTime "11:15:38 PDT"]
[Termination "stoleriu won by checkmate"]

1. e4 e5 2. Nf3 Nc6 3. Bb5 a6 4. Ba4 Nf6 5. d3 Bc5 6. O-O b5 7. Bb3 d6 8. c3 Bg4 9. Nbd2 Bb6 10. Re1 Rb8 11. Nf1 Ne7 12. h3 Bd7 13. Ng3 O-O 14.
Bg5 c5 15. Bxf6 gxf6 16. Nh4 Be6 17. Qh5 Kh8 18. Ngf5 Nxf5 19. Nxf5 Re8 20. Nh6 Qe7 21. Nxf7+ Bxf7 22. Bxf7 Rf8 23. Bd5 a5 24. c4 b4 25. Re3 Rg8 26. Bxg8 Rxg8 27. Rg3 a4 28. Rxg8+ Kxg8 29. Re1 Bd8 30. Re3 Kf8 31. Rg3 Qf7 32. Qh6+ Ke8 33. Rg7 Qf8 34. Qh5+ Qf7 35. Qxf7# 1-0

[Event "*** Titled Tuesday Blitz"]
[Site "Chess.com"]
[Date "2020.05.05"]
[Round "7"]
[White "Corpescador"]
[Black "violetflower04"]
[Result "1-0"]
[WhiteElo "2386"]
[BlackElo "2205"]
[TimeControl "180+1"]
[EndTime "11:15:44 PDT"]
[Termination "Corpescador won by resignation"]

1. e4 c5 2. Nf3 e6 3. g3 Nf6 4. Nc3 d5 5. exd5 exd5 6. d4 Bg4 7. Bg2 cxd4 8. Qxd4 Nc6 9. Qa4 d4 10.
Nxd4 Qe7+ 11. Be3 O-O-O 12. Nxc6 bxc6 13. Qxc6+ Qc7 14. Qa6+ Kd7 15. O-O Bd6 16. Nb5 Qb8 17.
Bxa7 1-0

[Event "*** Titled Tuesday Blitz"]
[Site "Chess.com"]
[Date "2020.05.05"]
[Round "7"]
[White "Sjakkerntobi"]
[Black "ShahMatKanal"]
[Result "1/2-1/2"]
[WhiteElo "2246"]
[BlackElo "2402"]
[TimeControl "180+1"]
[EndTime "11:15:46 PDT"]
[Termination "Game drawn by repetition"]

1. e4 c6 2. Nc3 d5 3. d4 g6 4. Nf3 Bg4 5. h3 Bxf3 6. Qxf3 dxe4 7. Nxe4 Bg7 8. Bc4 Nf6 9. Bxf7+ Kxf7 10. Ng5+ Kg8 11. Qb3+ Qd5 12. Qxb7 Qxg2 13. Rf1 Bh6 14. Qc8+ Kg7 15. Ne6+ Kf7 16. Qxh8 Qe4+ 17. Kd1 Qf3+ 18. Ke1 Qe4+ 19. Kd1 Qf3+ 20. Ke1 Qe4+ 21. Kd1 1/2-1/2

[Event "*** Titled Tuesday Blitz"]
[Site "Chess.com"]
[Date "2020.05.05"]
[Round "7"]
[White "Karina_Ivanova"]
[Black "Ladislav1969"]
[Result "0-1"]
[WhiteElo "2175"]
[BlackElo "2352"]
[TimeControl "180+1"]
[EndTime "11:15:46 PDT"]
[Termination "Ladislav1969 won by resignation"]

1. Nf3 c5 2. c4 Nf6 3. d4 cxd4 4.
Nxd4 g6 5. g3 Bg7 6. Bg2 Nc6 7.
O-O O-O 8. Nc3 a6 9. b3 Nxd4 10. Qxd4 d5 11. Qd3 dxc4 12. Qxc4 Be6 13. Qh4 Nd5 14. Nxd5 Bxa1 15. Nxe7+ Kh8 16. Bg5 Qd4 17. Qxd4+ Bxd4 18. e3 Bg7 19. Bxb7 Ra7 20. Bd5 f6 21. Bxe6 Rxe7 0-1

[Event "*** Titled Tuesday Blitz"]
[Site "Chess.com"]
[Date "2020.05.05"]
[Round "7"]
[White "Camels1981"]
[Black "CastleOasisChess"]
[Result "1-0"]
[WhiteElo "2242"]
[BlackElo "2127"]
[TimeControl "180+1"]
[EndTime "11:15:51 PDT"]
[Termination "Camels1981 won by resignation"]

1. e4 e6 2. d4 d5 3. Nc3 c6 4. Bd3 f5 5. exf5 exf5 6. Nf3 Bd6 7. Bg5 Nf6 8. Qd2 O-O 9. O-O-O g6 10. Ne5 Nbd7 11.
Rde1 Qc7 12. Bxf6 Nxf6 13. f3 Bd7 14. h4 Rae8 15. h5 Kg7 16. hxg6 Bxe5 17. Qh6+ Kg8 18.
gxh7+ Kh8 19. dxe5 Ne4 20. fxe4 Be6 21. exf5 Bxf5 22.
Rhf1 Qf7 23. Rxf5 1-0

[Event "*** Titled Tuesday Blitz"]
[Site "Chess.com"]
[Date "2020.05.05"]
[Round "7"]
[White "cukin84"]
[Black "Love_craft"]
[Result "0-1"]
[WhiteElo "2070"]
[BlackElo "2336"]
[TimeControl "180+1"]
[EndTime "11:15:53 PDT"]
[Termination "Love_craft won by resignation"]

1. e4 g6 2. d4 Bg7 3. Be3 d6 4. Nc3 Nf6 5. f3 h5 6. Qd2 a6 7. O-O-O b5 8. Nge2 Bb7 9. Nf4 Nbd7 10. h3 h4 11.
Nfd5 Nh5 12. Bg5 Nhf6 13. Nxf6+ exf6 14. Be3 c6 15. Bd3 Rc8 16. f4 c5 17. Nd5 c4 18.
Be2 f5 19. Qb4 fxe4 20. Qxd6 Bf8 21. Qxd7+ Kxd7 22. f5 Bxd5 0-1

[Event "*** Titled Tuesday Blitz"]
[Site "Chess.com"]
[Date "2020.05.05"]
[Round "7"]
[White "Borsuk_Konstantin"]
[Black "Diego_FloresQ"]
[Result "1-0"]
[WhiteElo "2635"]
[BlackElo "2420"]
[TimeControl "180+1"]
[EndTime "11:15:56 PDT"]
[Termination "Borsuk_Konstantin won by resignation"]

1. d4 Nf6 2. c4 c5 3. d5 e6 4. Nc3 exd5 5. cxd5 d6 6. Nf3 g6 7. Nd2 Bg7 8. e4 O-O 9. Be2 Re8 10. O-O Nbd7 11. Qc2 Ne5 12. h3 Nh5 13. Bxh5 gxh5 14.
f4 Ng6 15. f5 Nh4 16. Nc4 Bd4+ 17. Kh1 Kh8 18. Bf4 Rg8 19. g3 Qf6 20. gxh4 Qxh4 21.
Qh2 Bd7 22. Nxd6 b5 23. Nxf7+ Kg7 24. Bg5 1-0

[Event "*** Titled Tuesday Blitz"]
[Site "Chess.com"]
[Date "2020.05.05"]
[Round "7"]
[White "Baronessa08"]
[Black "Phenix2k"]
[Result "0-1"]
[WhiteElo "2459"]
[BlackElo "2318"]
[TimeControl "180+1"]
[EndTime "11:15:56 PDT"]
[Termination "Phenix2k won by resignation"]

1. c4 g6 2. Nc3 Bg7 3. g3 Nf6 4.
Bg2 d6 5. e4 c5 6. Nge2 Nc6 7. O-O Nd7 8. d3 Nf8 9. Be3 Ne6 10. Qd2 Ned4 11. Rad1 O-O 12. Bh6 a6 13. Bxg7 Kxg7 14. Nxd4 Nxd4 15. f4 e6 16. e5 dxe5 17.
fxe5 Rb8 18. Ne4 b6 19. Nf6 Bb7 20. Bxb7 Rxb7 21. Rf4 Rh8 22. Re1 h6 23. Qf2 g5 24.
Rfe4 Nf5 25. g4 Nh4 26. d4 cxd4 27. Rxd4 Qxd4 0-1

[Event "*** Titled Tuesday Blitz"]
[Site "Chess.com"]
[Date "2020.05.05"]
[Round "7"]
[White "Reader777"]
[Black "aa175"]
[Result "1-0"]
[WhiteElo "2594"]
[BlackElo "2412"]
[TimeControl "180+1"]
[EndTime "11:15:57 PDT"]
[Termination "Reader777 won by resignation"]

1. d4 e5 2. dxe5 Nc6 3. Nf3 Qe7 4. Nbd2 Nxe5 5. Nxe5 Qxe5 6. Nf3 Qc5 7. g3 Nf6 8. Bg2 d5 9. O-O Bd6 10. a3 O-O 11. b4 Qc4 12. Bb2 Ne4 13. Nd2 Nxd2 14. Qxd2 c6 15. e4 Be6 16. Rad1 Rfd8 17. exd5 cxd5 18.
Bxd5 Bxd5 19. Qxd5 Qxc2 20. Rd2 Bf8 21. Qxd8 Rxd8 22.
Rxc2 b5 23. Rfc1 1-0

[Event "*** Titled Tuesday Blitz"]
[Site "Chess.com"]
[Date "2020.05.05"]
[Round "7"]
[White "Kobalia"]
[Black "Balla_Tamas"]
[Result "1-0"]
[WhiteElo "2743"]
[BlackElo "2562"]
[TimeControl "180+1"]
[EndTime "11:16:00 PDT"]
[Termination "Kobalia won by resignation"]

1. e4 d5 2. exd5 Qxd5 3. d4 e5 4. Nf3 exd4 5. Qxd4 Qxd4 6. Nxd4 c6 7. Nc3 Bb4 8. Bg5 h6 9. Bh4 Ne7 10. O-O-O O-O 11. a3 Ng6 12. axb4 Nxh4 13. g3 Nf5 14. Bc4 Nxd4 15. Rxd4 Nd7 16. Ne4 Ne5 17. Bb3 a5 18. b5 cxb5 19. Rd5 a4 20. Ba2 Be6 21. Rxe5 Bxa2 22.
Rxb5 Rfe8 23. f3 Re7 24. Rd1 Be6 25. Nc5 Bd5 26. Rxd5 a3 27. bxa3 Rxa3 28. Rxb7 1-0

[Event "*** Titled Tuesday Blitz"]
[Site "Chess.com"]
[Date "2020.05.05"]
[Round "7"]
[White "ZverevLev"]
[Black "davigator"]
[Result "1-0"]
[WhiteElo "2084"]
[BlackElo "2293"]
[TimeControl "180+1"]
[EndTime "11:16:03 PDT"]
[Termination "ZverevLev won by resignation"]

1. e4 c5 2. Nf3 Nc6 3. d4 cxd4 4. Nxd4 Nf6 5. Nc3 d6 6. Bg5 a6 7. f4 e6 8. Nxc6 bxc6 9. Qd2 h6 10. Bxf6 gxf6 11.
O-O-O h5 12. Bc4 a5 13. Kb1 a4 14. Rhe1 Be7 15. Qe3 Qa5 16. e5 fxe5 17. fxe5 d5 18. Be2 Rb8 19. Rf1 Bb4 20. Qf4 Rb7 21. Qf6 Rf8 22. Ne4 dxe4 23. Bxh5 Be7 24. Bxf7+ 1-0

[Event "*** Titled Tuesday Blitz"]
[Site "Chess.com"]
[Date "2020.05.05"]
[Round "7"]
[White "RestartingChess"]
[Black "ftorodent"]
[Result "1-0"]
[WhiteElo "2518"]
[BlackElo "2650"]
[TimeControl "180+1"]
[EndTime "11:16:04 PDT"]
[Termination "RestartingChess won by resignation"]

1. e4 c5 2. Nf3 e6 3. b3 Nc6 4.
Bb2 Nf6 5. e5 Nd5 6. c4 Nde7 7.
d4 cxd4 8. Nxd4 Nxd4 9. Bxd4 Nc6 10. Bc3 Qc7 11. f4 d6 12. exd6 Bxd6 13. Bxg7 Rg8 14. Bf6 Bb4+ 15. Bc3 Qxf4 16. Qf3 Qe5+ 17. Kd1 Nd4 18.
Qd3 Bxc3 19. Nxc3 Bd7 20. Qe4 Qf6 21. Qxb7 Bc6 22. Qc7 Rd8 23. Kc1 Qf4+ 24. Qxf4 1-0

[Event "*** Titled Tuesday Blitz"]
[Site "Chess.com"]
[Date "2020.05.05"]
[Round "7"]
[White "Quiet_Desperation"]
[Black "ezkybel"]
[Result "0-1"]
[WhiteElo "2230"]
[BlackElo "2459"]
[TimeControl "180+1"]
[EndTime "11:16:05 PDT"]
[Termination "ezkybel won by resignation"]

1. e4 e6 2. d4 d5 3. Nc3 Nf6 4. e5 Ne4 5. Nf3 c5 6. Bd3 Nxc3 7. bxc3 c4 8. Be2 Be7 9. O-O O-O 10. Ne1 f5 11. f4 Nc6 12. Be3 b5 13. Kh1 a5 14.
Rg1 b4 15. g4 Bd7 16. gxf5 Rxf5 17. Bg4 Rf7 18. Qf3 g6 19. Qh3 Qc8 20. Nf3 bxc3 21. Raf1 Rb8 22. Ng5 Bxg5 23. fxg5 Rxf1 24. Rxf1 Ne7 25.
Rf6 Nf5 26. Bf2 Rb2 27. Qxc3 Rxa2 28. h4 Ba4 29. Qxa5 Rxc2 30. Qxa4 Rxf2 31. Qa7 c3 32.
Qf7+ Kh8 33. Bxf5 Rxf5 34. Qe7 c2 35. Rxf5 c1=Q+ 36. Kg2 0-1

[Event "*** Titled Tuesday Blitz"]
[Site "Chess.com"]
[Date "2020.05.05"]
[Round "7"]
[White "Shushik"]
[Black "reniite"]
[Result "1-0"]
[WhiteElo "2033"]
[BlackElo "1940"]
[TimeControl "180+1"]
[EndTime "11:16:05 PDT"]
[Termination "Shushik won by resignation"]

1. e4 e5 2. Nf3 Nf6 3. Nxe5 d6 4. Nf3 Nxe4 5. Bd3 Nc5 6. Be2 d5 7. d4 Ne4 8. O-O Bd6 9. Bd3 O-O 10. c4 c6 11. Qc2 Re8 12. Nc3 Nxc3 13. bxc3 Kh8 14. Ng5 Qc7 15. Nxh7 Bxh2+ 16. Kh1 dxc4 17. Bxc4 Bf4 18. Ng5 Bxg5 19. Bxg5 Be6 20. Rae1 Qd7 21. Re4 Bf5 22. Rxe8+ Qxe8 23. Qxf5 1-0